 Dungeon Crawl Stone Soup version 0.28-a0-1555-g9ae15a6949 (webtiles) character file.

Game seed: 7966241645911809802

209 issech the Shield-Bearer (level 5, 0/53 HPs)
             Began as a Troll Fighter on Jan 19, 2022.
             Was a High Priest of Ignis.
             Killed from afar by Natasha (10 damage)
             ... with a magic dart
             ... on level 2 of the Dungeon.
             The game lasted 00:03:19 (1008 turns).

issech the Shield-Bearer (Troll Fighter)            Turns: 1008, Time: 00:03:20

Health: 0/53       AC:  0    Str: 26    XL:     5   Next: 55%
Magic:  4/4        EV: 14    Int:  4    God:    Ignis [*****.]
Gold:   72         SH:  0    Dex:  9    Spells: 4/4 levels left

rFire   + . .      SeeInvis .   (weapon currently unavailable)
rCold   . . .      Faith    .   (shield currently unavailable)
rNeg    . . .      Spirit   .   (armour currently unavailable)
rPois   .          Reflect  .   (helmet currently unavailable)
rElec   .          Harm     .   (cloak currently unavailable)
rCorr   .          Rampage  .   (gloves unavailable)
Will    .....                   (boots unavailable)
Stlth   +.........              (no amulet)
HPRegen 0.97/turn               (ring currently unavailable)
MPRegen 0.09/turn               (ring currently unavailable)

@: mighty, pig-form (expiring), very quick
A: fast, no casting, small, unfitting armour, (claws 3), regeneration 1, (shaggy
fur 1), (tough skin 1)
a: Renounce Religion, Fiery Armour, Foxfire Swarm, Rising Flame


You were on level 2 of the Dungeon.
You worshipped Ignis.
Ignis was extremely pleased with you.
You were a filthy swine.
You visited 1 branch of the dungeon, and saw 2 of its levels.

You collected 72 gold pieces.

Inventory:

Hand Weapons
 a - a +0 flail (melded)
Missiles
 f - 27 sling bullets
 g - 30 stones (quivered)
 h - 15 arrows
 i - 8 bolts
Armour
 b - a +0 robe (melded)
 c - a +0 kite shield (melded)
Scrolls
 d - a scroll of immolation {unknown}
 e - a scroll of teleportation {unknown}
 j - 2 scrolls of identify {unknown}
 k - a scroll of enchant weapon {unknown}


   Skills:
 + Level 3.0 Fighting
 + Level 3.2 Maces & Flails
 + Level 3.2 Dodging
 + Level 3.4 Shields
 + Level 0.4 Unarmed Combat


You had 4 spell levels left.
You didn't know any spells.
Your spell library contained the following spells:

 Spells                   Type           Power      Damage    Failure   Level
 Summon Small Mammal      Summ           0%         N/A       50%         1
 Call Canine Familiar     Summ           0%         N/A       86%         3
 Summon Guardian Golem    Hex/Summ       0%         N/A       86%         3


Dungeon Overview and Level Annotations

Branches:
Dungeon (2/15)

Altars:
Ignis

Annotations:
D:2 Natasha


Innate Abilities, Weirdness & Mutations

You are a filthy swine.
You move quickly.
Your equipment is almost entirely melded.
You are incapable of wielding weapons or throwing items.
You cannot cast spells.
You are too large for most types of armour.
((You have claws for hands.))
Your natural rate of healing is unusually fast.
((You are covered in fur. (AC +1)))
((You have tough skin. (AC +1)))


Message History

Sigmund hits you from afar with a +0 scythe.
You hit Sigmund but do no damage. Sigmund casts a spell at you.
The puff of flame hits you. You resist.
You hit Sigmund.
Sigmund is moderately wounded.
Sigmund barely misses you. Natasha claws you.
You hit Sigmund.
Sigmund is moderately wounded.
Sigmund misses you. Natasha barely misses you.
You barely miss Sigmund.
Sigmund is moderately wounded.
You hit Sigmund.
Sigmund is heavily wounded.
Your transformation is almost over.
Natasha misses you. Sigmund closely misses you.
You closely miss Sigmund.
Sigmund is heavily wounded.
Natasha claws you. Sigmund misses you.
You closely miss Sigmund.
Sigmund is heavily wounded.
Natasha misses you.
You bite Sigmund!
Sigmund is severely wounded.
Natasha claws you! Sigmund misses you.
You bite Sigmund!
You kill Sigmund!
Natasha stares at you and mumbles some strange words.
The magic dart hits you!
* * * LOW HITPOINT WARNING * * *
Your Fighting skill increases to level 3!
Your Maces & Flails skill increases to level 3!
Your Dodging skill increases to level 3!
Your Shields skill increases to level 3!
You have reached level 4!
You have reached level 5!
You barely miss Natasha. Natasha casts a spell at you. The magic dart hits you!
You die...

....# .... ..
####... #.#.#
#.....# #.#..#
.....## #..#..
..... .
#....###).####..
#...[(h......#
#.....h....###
##........|...
####.......#..#.
#......##### .#
#.##......# # #
##..##..# # #..#
.# ####.####.##
..


You could see Natasha.

Vanquished Creatures
  Sigmund (D:2)
  Natasha (D:2)
  An adder (D:2)
  A worm (D:2)
  4 ball pythons
  An endoplasm (D:2)
  2 goblins (D:1)
  A hobgoblin (D:1)
  A quokka (D:1)
  A bat (D:2)
  A frilled lizard (D:1)
  A kobold (D:1)
  4 rats (D:1)
20 creatures vanquished.

Notes
Turn   | Place    | Note
-------+----------+-------------------------------------------
     0 | D:1      | issech the Troll Fighter began the quest for the Orb.
     0 | D:1      | Reached XP level 1. HP: 22/22 MP: 0/0
   137 | D:1      | Found a faded altar of an unknown god.
   149 | D:1      | Prayed at the altar of an unknown god.
   149 | D:1      | Became a worshipper of Ignis, the Dying Flame
   640 | D:1      | Reached XP level 2. HP: 29/29 MP: 1/1
   941 | D:2      | Noticed Natasha
   948 | D:2      | Noticed a crimson imp
   951 | D:2      | Killed Natasha
   952 | D:2      | Reached XP level 3. HP: 26/36 MP: 2/2
   989 | D:2      | Noticed Natasha
   993 | D:2      | Noticed Sigmund
  1007 | D:2      | Killed Sigmund
  1008 | D:2      | Reached XP level 4. HP: 8/45 MP: 3/3
  1008 | D:2      | Reached XP level 5. HP: 9/53 MP: 4/4
  1008 | D:2      | Killed from afar by Natasha

Illustrated notes

Levels and vault maps discovered:
D:1:      sevenhm_arrival_forest_fort_small_3, layout_basic,
          hellmonk_ecumenical_altar_crossroads
D:2:      layout_rooms, basic_altar, uniq_natasha, uniq_sigmund

Skill      XL: |  1  2  3 |
---------------+----------+-----
Maces & Flails | 2 3 |  3.2
Fighting       | 3 |  3.0
Dodging        | 3 |  3.2
Shields        | 3 |  3.4
Unarmed Combat | |  0.4

Action                   |  1- 3 |  4- 6 || total
-------------------------+-------+-------++-------
Melee: Flail             |    60 |       ||    60
       Unarmed           |     9 |     1 ||    10
  Use: Potion            |     1 |       ||     1
Armor: Robe              |    23 |       ||    23
Dodge: Dodged            |    32 |       ||    32
Block: Kite shield       |    28 |       ||    28

Table legend: (Time is in decaauts)
 A = Elapsed time spent in this place.
 B = Non-inter-level travel time spent in this place.
 C = Inter-level travel time spent in this place.
 D = Time resting spent in this place.
 E = Time spent auto-exploring this place.
 F = Levels seen in this place.
 G = Mean time per level.
                   A        B        C        D        E       F      G
               +--------+--------+--------+--------+--------+-----+--------+
         Total |   1033 |   1033 |      0 |      0 |    615 |   2 |  516.5 |
       Dungeon |   1033 |   1033 |      0 |      0 |    615 |   2 |  516.5 |
               +--------+--------+--------+--------+--------+-----+--------+

Top non-repeatable levels by time:
     D:1: 903 daAuts
     D:2: 129 daAuts
